cohdb
Replays
Latest Replays
All Replays
Popular Replays
Top Player Replays
Match Explorer
How It Works
Community
CoH3 Stats
Reddit
Sign in to upload your games and track your stats! →
Sign in with Steam
Match 40692665
Unlisted
Match 40692665
Overview
Messages
Build Orders
End
Royal Engineer Section
Construct Section Command Post
Selects Canadian Shock Battlegroup
Dingo Light Scout Car
ML 3-inch Mortar Team
Vickers Machine Gun Team
Infantry Section
Construct Platoon Command Post
Selects Offensive Resupply
Selects Canadian Shock Section
Canadian Shock Section
Selects Incendiary Munitions
Grenade Package
Construct Field Infirmary
6-pounder Anti-tank Gun Team
Selects Pyrotechnics
Construct Company Command Post
Crusader II Medium Tank
Canadian Shock Section
Crusader II Medium Tank
Selects Demolition Engineering
Selects Smoke Operation
Crusader II Medium Tank
Crusader II Medium Tank
Smoke Operation
Crusader II Medium Tank
Armored Vehicle Training
Infantry Training
Smoke Operation
Crusader II Medium Tank
Crusader II Medium Tank
Demolition Engineering
Smoke Operation
Crusader II Medium Tank
Unlock M3 Grant Medium Tanks
M3 Grant Medium Tank
Random_Target
JohnstyPonst
Turtleboy
MACS
Drink||Belzebuth
WuTFaCe
0
0
Comments
sign in to comment!
No comments posted yet!